 Dungeon Crawl Stone Soup version 0.20-a0-947-g2784f4f (webtiles) character file.

1388 nikopol the Skirmisher (level 8, -6/52 HPs)
             Began as a Gargoyle Berserker on Apr 2, 2017.
             Was an Elder of Trog.
             Killed by divine providence
             ... invoked by an orc priest
              (17 damage)
             ... on level 5 of the Dungeon.
             The game lasted 00:12:32 (4381 turns).

nikopol the Skirmisher (Gargoyle Berserker)         Turns: 4381, Time: 00:12:33

Health: -6/52      AC: 16    Str: 20    XL:     8   Next: 68%
Magic:  8/8        EV:  9    Int:  9    God:    Trog [****..]
Gold:   175        SH:  4    Dex: 11    Spells: 7/7 levels left

rFire    . . .     SeeInvis .   a - +0 war axe
rCold    . . .     Gourm    .   (no shield)
rNeg     + . .     Faith    .   g - +0 chain mail
rPois    ∞         Spirit   .   o - +0 helmet
rElec    +         Reflect  +   (no cloak)
rCorr    .         Harm     .   (no gloves)
MR       ++...                  (no boots)
Stlth    ..........             d - +4 amulet of reflection
Regen    1.2/turn               (no ring)
MPRegen  0.2/turn               (no ring)

@: exhausted, regenerating, slowed, very slow
A: negative energy resistance 1, electricity resistance, unbreathing,
petrification resistance, rot immunity, AC +5
a: Berserk, Trog's Hand, Brothers in Arms, Burn Spellbooks, Renounce Religion


You were on level 5 of the Dungeon.
You worshipped Trog.
Trog was greatly pleased with you.
You were near starving.

You visited 1 branch of the dungeon, and saw 5 of its levels.

You collected 175 gold pieces.

Inventory:

Hand Weapons
 a - a +0 war axe (weapon)
Missiles
 l - 22 arrows (quivered)
Armour
 g - a +0 chain mail (worn)
 o - a +0 helmet (worn)
Jewellery
 b - the ring of Cearyqed {+Inv rN+ Str+3 Int+2 Dex-4, unknown}
   (You found it on level 5 of the Dungeon)

   [ring of intelligence]

   It affects your strength (+3).
   It affects your intelligence (+2).
   It affects your dexterity (-4).
   It protects you from negative energy.
   It lets you turn invisible.
 d - a +4 amulet of reflection (around neck)
Scrolls
 e - a scroll of enchant armour {unknown}
 i - a scroll of amnesia {unknown}
 m - a scroll of fog
 t - a scroll of enchant weapon {unknown}
 v - 2 scrolls of fear
 x - 3 scrolls of remove curse
Potions
 f - 2 potions of berserk rage {unknown}
 h - a potion of cancellation {unknown}
 j - 3 potions of curing
 n - 2 potions of flight {unknown}
 s - 2 potions of might {unknown}
 u - 3 potions of heal wounds
Comestibles
 c - 5 bread rations
 p - 2 meat rations
 r - a royal jelly
 z - 4 chunks of flesh


   Skills:
 + Level 6.6 Fighting
 + Level 5.4 Axes
 + Level 6.0 Armour
 + Level 4.4 Dodging


You had 7 spell levels left.
You didn't know any spells.

Dungeon Overview and Level Annotations

Branches:
Dungeon (5/15)
 Temple: D:4-7

Altars:
Makhleb


Innate Abilities, Weirdness & Mutations

You are resistant to torment.
Your stone body is resilient. (AC +5)
You are immune to poison.
You resist negative energy. (rN+)
You are resistant to electric shocks. (rElec)
You can survive without breathing.
You are immune to petrification.
You are immune to rotting.


Message History

Your chain mail prevents you from hitting the orc.
The orc priest mumbles some strange prayers to Beogh against you.
Beogh smites you!
* * * LOW HITPOINT WARNING * * *
Your chain mail prevents you from hitting the orc.
You are no longer berserk.
You are exhausted.
You feel yourself slow down. The orc hits you but does no damage.
Items here: )))))) [[[ ††† The orc grunts to no one in particular.
The orc hits you but does no damage.
Your skin crawls.
You feel resistant to hostile enchantments.
You are near starving!
The orc misses you.
You see here a jackal corpse.
The orc priest invokes the aid of Beogh against you.
Beogh smites you!
You die...

#.####.##.#.##.# #.#
#.###(..##.###.# #.#
#..........###.# #>#
#####...#####..# #.# #
##)## #.## #.# # ##)## #.#
#(# # ##.).### #.# ##.##
........#...# #.#####...##
#######...#.###.@o.ooo...#
.................###))...#
).)......##.##..####)#####
######### #.##.####...##
.....# #8...8#
......###.....## #.#
###.....#.......# ..#
#.###.#.8...8.# ### #.
.#.?.....#


You could see an orc priest and 3 orcs.

Vanquished Creatures
  The ghost of zhorgal the Cutter, a novice VSMo of Kikubaaqudgha (D:5)
  Grinder (D:3)
  The ghost of Malvoorn the Skirmisher, an amateur GrFi (D:3)
  Purgy (D:3)
  An orc warrior (D:5)
  A scorpion (D:4)
  A bullfrog zombie (D:4)
  A jelly (D:5)
  An orc priest (D:3)
  A gnoll shaman (D:5)
  3 worker ants
  6 orc wizards
  3 gnolls (D:5)
  8 adders
  A shadow imp (D:5)
  An adder zombie (D:5)
  2 adder skeletons (D:4)
  3 worms
  3 dart slugs
  5 leopard geckos
  30 orcs
  8 giant cockroaches
  7 goblins
  10 hobgoblins
  5 jackals
  2 quokkas
  15 bats
  4 frilled lizards
  7 kobolds
  6 rats
139 creatures vanquished.

Notes
Turn   | Place    | Note
-------+----------+-------------------------------------------
     0 | D:1      | nikopol the Gargoyle Berserker began the quest for the Orb.
     0 | D:1      | Reached XP level 1. HP: 14/14 MP: 1/1
   258 | D:1      | Reached XP level 2. HP: 19/19 MP: 2/2
   776 | D:1      | Reached XP level 3. HP: 21/23 MP: 3/3
   812 | D:1      | Reached ** piety under Trog
  1183 | D:2      | Reached XP level 4. HP: 23/29 MP: 4/4
  1791 | D:3      | Noticed Grinder
  1817 | D:3      | Paralysed by Grinder for 5 turns
  1824 | D:3      | Paralysed by Grinder for 2 turns
  1830 | D:3      | Killed Grinder
  1830 | D:3      | Reached XP level 5. HP: 16/34 MP: 5/5
  1830 | D:3      | Reached XP level 6. HP: 19/40 MP: 6/6
  1992 | D:3      | Reached *** piety under Trog
  2107 | D:3      | Noticed Malvoorn's ghost (amateur GrFi)
  2287 | D:3      | Killed Malvoorn's ghost
  2287 | D:3      | Reached skill level 5 in Fighting
  2287 | D:3      | Reached XP level 7. HP: 27/44 MP: 7/7
  2515 | D:3      | Noticed Purgy
  2527 | D:3      | Killed Purgy
  3291 | D:4      | Reached skill level 5 in Armour
  3458 | D:4      | Found a burning altar of Makhleb.
  3663 | D:5      | Entered Level 5 of the Dungeon
  3734 | D:5      | Reached XP level 8. HP: 40/51 MP: 8/8
  3780 | D:5      | Noticed zhorgal's ghost (novice VSMo)
  3832 | D:5      | Killed zhorgal's ghost
  3832 | D:5      | Reached skill level 5 in Axes
  4270 | D:5      | Got a sparkling tin ring
  4289 | D:5      | Found a runed door.
  4353 | D:5      | Reached **** piety under Trog
  4381 | D:5      | Killed from afar by an orc priest

Vault maps used:
D:1:      ncdulo_smallfort
D:2:      minmay_misc_feat_doors
D:3:      first_bread, minmay_misc_feat_diagonals, minmay_cupped, uniq_grinder,
          uniq_purgy
D:4:      lemuel_doored_altar
D:5:      corexii_hall_statues_deadend, lightli_church_of_beogh

Skill      XL: |  1  2  3  4  5  6  7  8 |
---------------+-------------------------+-----
Axes           | 3 4 5 |  5.4
Dodging        | 2 3 4 |  4.4
Armour         | 3 4 5 6 |  6.0
Fighting       | 4 5 6 |  6.6

Action                   |  1- 3 |  4- 6 |  7- 9 || total
-------------------------+-------+-------+-------++-------
Melee: Hand axe          |   146 |   159 |   248 ||   553
       War axe           |       |       |    90 ||    90
Invok: Berserk           |       |     3 |     3 ||     6
       Trog's Hand       |       |     1 |     1 ||     2
  Use: Scroll            |     5 |       |     2 ||     7
  Eat: Chunk             |     1 |     6 |    10 ||    17
Armor: Animal skin       |    11 |       |       ||    11
       Chain mail        |    82 |   111 |   208 ||   401
Dodge: Dodged            |    93 |    80 |   147 ||   320
Block: Other             |    19 |    30 |    51 ||   100
       Reflection        |     1 |     1 |     1 ||     3
